 Dungeon Crawl Stone Soup version 0.31-a0-232-gb1c03b2570 (webtiles) character file.

Game seed: 10134144612421965636

179 qw the Shooter (level 5, -1/31 HPs)
             Began as a Gargoyle Hexslinger on July 7, 2023.
             Slain by Grinder (2 damage)
             ... on level 3 of the Dungeon.
             The game lasted 00:00:57 (2386 turns).

qw the Shooter (Gargoyle Hexslinger)                Turns: 2386, Time: 00:00:58

Health: -1/31      AC:  9    Str: 11    XL:     5   Next: 59%
Magic:  6/6        EV: 10    Int: 14    God:
Gold:   53         SH:  0    Dex: 14    Spells: 5/6 levels left

rFire   . . .        Y - +1 sling
rCold   . . .        (no shield)
rNeg    + . .        h - +0 ring mail
rPois   inf          (no helmet)
rElec   +            (no cloak)
rCorr   .            (no gloves)
SInv    .            (no boots)
Will    .....        (no amulet)
Stlth   +            (no ring)
HPRegen 0.25/turn    (no ring)
MPRegen 0.10/turn

%: no passive effects
@: no status effects
A: sickness immunity, AC +4, negative energy resistance 1, electricity
resistance, torment resistance 1, petrification resistance
a: no special abilities


You were on level 3 of the Dungeon.
You visited 1 branch of the dungeon, and saw 3 of its levels.

You collected 125 gold pieces.
You spent 72 gold pieces at shops.


Innate Abilities, Weirdness & Mutations

You are immune to sickness and miasma.
Your stone body is resilient. (AC +4)
You are immune to poison.
You resist negative energy. (rN+)
You are resistant to electric shocks. (rElec)
You are resistant to unholy torment.
You are immune to petrification.


   Skills:
 - Level 2.3 Fighting
 + Level 4.0 Ranged Weapons
 - Level 3.3 Armour
 - Level 1.5 Dodging
 - Level 1.0 Spellcasting
 - Level 2.6 Hexes


You had 5 spell levels left.
You knew the following spells:

 Your Spells              Type           Power      Damage    Failure   Level
a - Slow                  Hex            32%        N/A       21%         1

Your spell library contained the following spells:

 Spells                   Type           Power      Damage    Failure   Level
 Inner Flame              Hex/Fire       4%         N/A       71%         3
 Portal Projectile        Hex/Tloc       8%         N/A       71%         3
 Cause Fear               Hex            4%         N/A       89%         4

Inventory:

Hand Weapons
 Y - a +1 sling (weapon)
Armour
 h - a +0 ring mail (worn)
Jewellery
 c - an amulet of the acrobat
 f - a ring of ice
Scrolls
 a - 2 scrolls of identify
 b - a scroll of amnesia {unknown}
Potions
 d - a potion of curing

Dungeon Overview and Level Annotations

Branches:
Dungeon (3/15)

Altars:
Qazlal

Shops:
D:2 ?   D:3 !

Annotations:
D:3 Grinder


Message History

2372 ||| FLEEEEING.
Grinder gestures at you.
You suddenly lose the ability to move!
You can move again.
You shoot a sling bullet. The sling bullet barely misses Grinder.
You shoot a sling bullet.
The sling bullet closely misses Grinder.
Grinder gestures at you. You resist with significant effort.
You shoot a sling bullet. The sling bullet hits Grinder.
Grinder is heavily wounded.
You shoot a sling bullet. The sling bullet barely misses Grinder.
Grinder says, "DUCK!"
Grinder hits you.
You writhe in agony.
You shoot a sling bullet. The sling bullet barely misses Grinder.
Grinder closely misses you.
You shoot a sling bullet. The sling bullet hits Grinder.
Grinder is heavily wounded.
Grinder hits you. x2; You writhe in agony.
You shoot a sling bullet.
The sling bullet closely misses Grinder.
Grinder barely misses you.
You shoot a sling bullet. The sling bullet hits Grinder.
Grinder is heavily wounded.
Grinder hits you but does no damage. Grinder hits you.
You writhe in agony.
You shoot a sling bullet. The sling bullet hits Grinder.
Grinder is severely wounded.
Grinder hits you but does no damage.
You shoot a sling bullet. The sling bullet hits Grinder.
Grinder is severely wounded.
Grinder barely misses you.
You shoot a sling bullet.
The sling bullet hits Grinder but does no damage.
Grinder is severely wounded.
Grinder gestures at you. You resist with significant effort. Grinder hits you.
You shoot a sling bullet. The sling bullet hits Grinder!
Grinder is almost dead.
Grinder hits you!
You writhe in agony.
You die...

#...........................#'
######%##################...#.
###%######## .........
#..........# #.###..#.#.
#.#........# #.# #..#.#.
......%........# #.###..#.##
...#.#.........# #.#....#...
..#...#........# #.#.##.####
.#.....#.....5@######.#.##.....
...._.................#.##..###
.#.....#.#.####.........##..#
.#...#..#.# #.....<...##..#
.#...#. #.........##..# .. #.
#.........##..# #..........#..#
#..........#..# #............


You could see Grinder.

Vanquished Creatures
  A sky beast (D:3)
  A gnoll (D:1)
  An adder (D:2)
  5 dart slugs
  A worm (D:2)
  4 orcs (D:3)
  5 bats
  10 endoplasms
  A giant cockroach (D:3)
  5 goblins
  6 hobgoblins
  4 kobolds
  A quokka (D:2)
  2 ball pythons (D:2)
  3 frilled lizards
  3 rats
53 creatures vanquished.

Notes
Turn   | Place    | Note
-------+----------+-------------------------------------------
     0 | D:1      | qw the Gargoyle Hexslinger began the quest for the Orb.
     0 | D:1      | Reached XP level 1. HP: 12/12 MP: 2/2
     0 | D:1      | 0 ||| qw: Version: 0.3-a-46-gb1f654a
     0 | D:1      | 0 ||| qw: Game counter: 2888
     0 | D:1      | 0 ||| qw: Melee chars always use a shield: true
     0 | D:1      | 0 ||| qw: God list: Okawaru
     0 | D:1      | 0 ||| qw: Allow faded altars: false
     0 | D:1      | 0 ||| qw: Do Orc after clearing Dungeon:15 true
     0 | D:1      | 0 ||| qw: Do second Lair branch before Depths: true
     0 | D:1      | 0 ||| qw: Lair rune preference: random
     0 | D:1      | 0 ||| qw: Goals: Normal
     0 | D:1      | 0 ||| PLANNING D:1-11
    17 | D:1      | You fall into a shaft and drop 1 floor!
   129 | D:2      | 129 ||| DROPPING scroll of poison.
   138 | D:2      | 138 ||| FLEEEEING.
   139 | D:2      | 139 ||| STAIRDANCE
   145 | D:1      | Reached XP level 2. HP: 16/16 MP: 3/3
   232 | D:1      | Reached skill level 3 in Ranged Weapons
   395 | D:1      | Found a faded altar of an unknown god.
   428 | D:1      | Reached XP level 3. HP: 21/21 MP: 4/4
   435 | D:1      | HP: 4/21 [gnoll/+0 club (5)]
   627 | D:1      | 627 ||| UPGRADING to +0 ring mail.
   637 | D:1      | 637 ||| DROPPING +0 robe.
   638 | D:1      | 638 ||| DROPPING ring of magical power.
   639 | D:1      | 639 ||| READING scroll labelled AGHEPH LIOGRO.
   640 | D:1      | 640 ||| DRINKING 3 yellow potions.
   645 | D:1      | 645 ||| DROPPING 2 potions of ambrosia.
   812 | D:2      | Reached XP level 4. HP: 27/27 MP: 5/5
   854 | D:2      | Found Ateme's Magic Scroll Shop.
  1362 | D:2      | 1362 ||| SHOPLISTING scroll of enchant armour (90 gold,
                  | have 74).
  1362 | D:2      | 1362 ||| BUYING scroll of identify (24 gold).
  1362 | D:2      | Bought a scroll of identify for 24 gold pieces
  1362 | D:2      | 1362 ||| BUYING scroll of identify (24 gold).
  1362 | D:2      | Bought a scroll of identify for 24 gold pieces
  1362 | D:2      | 1362 ||| BUYING scroll of identify (24 gold).
  1362 | D:2      | Bought a scroll of identify for 24 gold pieces
  1362 | D:2      | 1362 ||| SHOPLISTING scroll of teleportation (36 gold, have
                  | 2).
  1362 | D:2      | 1362 ||| READING scroll labelled IGUEXI QENAS.
  1463 | D:2      | 1463 ||| DRINKING 2 red potions.
  1464 | D:2      | 1464 ||| READING 4 scrolls of identify.
  1464 | D:2      | 1464 ||| IDENTIFYING sedimented cyan potion
  1465 | D:2      | 1465 ||| READING 3 scrolls of identify.
  1465 | D:2      | 1465 ||| IDENTIFYING glowing brown potion
  1466 | D:2      | 1466 ||| DROPPING potion of brilliance.
  1467 | D:2      | 1467 ||| DROPPING potion of berserk rage.
  1591 | D:3      | Found Durutun's Distillery.
  1642 | D:3      | 1642 ||| SHOPLISTING potion of cancellation (80 gold, have
                  | 23).
  1642 | D:3      | 1642 ||| SHOPLISTING potion of curing (30 gold, have 23).
  1642 | D:3      | 1642 ||| SHOPLISTING potion of heal wounds (50 gold, have
                  | 23).
  1642 | D:3      | 1642 ||| SHOPLISTING potion of might (40 gold, have 23).
  1673 | D:3      | Reached skill level 4 in Ranged Weapons
  2263 | D:3      | Found a stormy altar of Qazlal.
  2263 | D:3      | Noticed a sky beast
  2284 | D:3      | 2284 ||| Stepping ~*~*~tactically~*~*~ (water).
  2288 | D:3      | Killed a sky beast
  2289 | D:3      | Reached skill level 3 in Armour
  2289 | D:3      | Reached XP level 5. HP: 16/31 MP: 6/6
  2352 | D:3      | Noticed Grinder
  2353 | D:3      | Paralysed by Grinder for 2 turns
  2363 | D:3      | Paralysed by Grinder for 3 turns
  2366 | D:3      | 2366 ||| FLEEEEING.
  2367 | D:3      | 2367 ||| FLEEEEING.
  2368 | D:3      | 2368 ||| FLEEEEING.
  2369 | D:3      | 2369 ||| FLEEEEING.
  2370 | D:3      | 2370 ||| FLEEEEING.
  2371 | D:3      | 2371 ||| FLEEEEING.
  2372 | D:3      | 2372 ||| FLEEEEING.
  2372 | D:3      | Paralysed by Grinder for 3 turns
  2386 | D:3      | HP: 1/31 [Grinder (7)]
  2386 | D:3      | Slain by Grinder

Levels and vault maps discovered:
D:1:      wander_arrival_estate, layout_rooms,
          dreamdust_ecumenical_altar_hidden_monk_grotto
D:2:      layout_loops_ring, serial_shops, nicolae_shop_statue_plus
D:3:      layout_basic, nicolae_qazlal_beasts_of_the_sky, serial_shops, shop,
          grunt_decor_mini_mirrors, uniq_grinder

Skill      XL: |  1  2  3  4 |
---------------+-------------+-----
Ranged Weapons | 3 4 |  4.0
Fighting       | 2 |  2.3
Armour         | 3 |  3.3
Dodging        | |  1.5
Spellcasting   | |  1.0
Hexes          | |  2.6

Action                     |  1- 3 |  4- 6 || total
---------------------------+-------+-------++-------
   Fire: Sling             |   106 |   134 ||   240
    Use: Scroll            |     1 |     3 ||     4
         Potion            |     1 |     1 ||     2
 Armour: Robe              |    10 |       ||    10
         Ring mail         |     3 |    42 ||    45
  Dodge: Dodged            |    22 |    28 ||    50

Table legend:
 A = Non-vault XP
 B = Vault XP
 C = Vault XP percentage of total XP
 D = Non-vault monster count
 E = Vault monster count
 F = Vault count percentage of total count
                 A         B        C        D         E       F
            +---------+---------+-------+---------+---------+-------
      Total |     129 |     127 |  49.6 |      52 |       1 |   1.9
            +---------+---------+-------+---------+---------+-------
        D:1 |      40 |       0 |   0.0 |      15 |       0 |   0.0
        D:2 |      58 |       0 |   0.0 |      22 |       0 |   0.0
        D:3 |      31 |     127 |  80.4 |      15 |       1 |   6.2
            +---------+---------+-------+---------+---------+-------
